 Dungeon Crawl Stone Soup version 0.30.1-4-g462c640d31 (webtiles) character file.

Game seed: 13282786375377451595

732 Logoto the Firebug (level 7, -5/53 HPs)
             Began as a White Draconian Fire Elementalist on Aug 21, 2023.
             Was an Initiate of Qazlal.
             Slain by an ogre
             ... wielding a +0 giant club
              (30 damage)
             ... on level 5 of the Dungeon.
             The game lasted 00:12:36 (4385 turns).

Logoto the Firebug (DrFE)                           Turns: 4385, Time: 00:12:38

Health: -5/53      AC:  6    Str: 12    XL:     7   Next: 45%
Magic:  8/13       EV: 12    Int: 16    God:    Qazlal [......]
Gold:   211        SH:  0    Dex: 11    Spells: 12/15 levels left

rFire   . . .        o - +5 woodcutter's axe
rCold   + . .        (shield currently unavailable)
rNeg    . . .        (body armour unavailable)
rPois   .            (helmet restricted)
rElec   .            (no cloak)
rCorr   .            (no gloves)
SInv    .            (no boots)
Will    .....        m - amulet of magic regeneration
Stlth   ++           (no ring)
HPRegen 0.28/turn    (no ring)
MPRegen 0.53/turn

%: no passive effects
@: no status effects
A: breathe frost, AC +6, unfitting armour, cold resistance 1, cold-blooded
a: Breathe Frost, Renounce Religion


You were on level 5 of the Dungeon.
You worshipped Qazlal.
Qazlal was noncommittal.
You visited 1 branch of the dungeon, and saw 6 of its levels.

You collected 211 gold pieces.

Inventory:

Hand Weapons
 h - a +1 short sword of freezing
 o - the +5 woodcutter's axe (weapon)
   (You found it on level 2 of the Dungeon)
Missiles
 j - 50 stones
Jewellery
 m - an amulet of magic regeneration (around neck)
 w - a ring of magical power
Wands
 q - a wand of flame (14)
 u - a wand of iceblast (10)
Scrolls
 b - 5 scrolls of fog {unknown}
 c - 2 scrolls of butterflies {unknown}
 d - 3 scrolls of blinking {unknown}
 f - a scroll of brand weapon {unknown}
 g - 2 scrolls of vulnerability {unknown}
 i - 2 scrolls of poison {unknown}
 k - 6 scrolls of identify {unknown}
 p - 3 scrolls of enchant armour {unknown}
 r - a scroll of fear {unknown}
 t - a scroll of teleportation {unknown}
Potions
 a - a potion of magic
 e - 3 potions of heal wounds {unknown}
 l - 3 potions of curing {unknown}
 n - a potion of lignification {unknown}
 s - 2 potions of might {unknown}
 v - a potion of brilliance {unknown}
 x - a potion of resistance {unknown}


   Skills:
 + Level 1.7 Fighting
 + Level 1.5 Short Blades
 + Level 1.3 Axes
 + Level 2.9 Dodging
 + Level 2.6 Stealth
 + Level 4.5 Spellcasting
 + Level 2.1 Conjurations
 + Level 4.5 Fire Magic


You had 12 spell levels left.
You knew the following spells:

 Your Spells              Type           Power      Damage    Failure   Level
a - Foxfire               Conj/Fire      56%        2x1d6     4%          1
b - Scorch                Fire           36%        2d6       3%          2

Your spell library contained the following spells:

 Spells                   Type           Power      Damage    Failure   Level
 Inner Flame              Hex/Fire       10%        N/A       19%         3
 Volatile Blastmotes      Fire/Tloc      20%        2d11      19%         3
 Ignite Poison            Fire/Tmut/Pois 8%         N/A       26%         3
 Flame Wave               Conj/Fire      14%        2d6       38%         4
 Sticky Flame             Conj/Fire      14%        2d4       38%         4
 Fireball                 Conj/Fire      7%         3d5       75%         5
 Starburst                Conj/Fire      7%         6d4       99%         6
 Plasma Beam              Fire/Air       5%         2x1d17    100%        6
 Malign Gateway           Summ/Tloc      1%         N/A       100%        7
 Ignition                 Fire           9%         3d5       100%        8
 Summon Horrible Things   Summ           1%         N/A       100%        8


Dungeon Overview and Level Annotations

Branches:
Dungeon (6/15)
 Temple: D:4-7

Altars:
Kikubaaqudgha
Nemelex Xobeh
Qazlal
Wu Jian
Yredelemnul
The Shining One

Shops:
D:1 [   D:5 *


Innate Abilities, Weirdness & Mutations

You can breathe waves of freezing cold which knock back foes.
Your icy white scales are hard. (AC +6)
You cannot fit into any form of body armour.
Your flesh is cold resistant. (rC+)
You are cold-blooded and may be slowed by cold attacks.


Message History

The hound bites you.
You slash the hound!
The hound is severely wounded.
The hound closely misses you. x2
You closely miss the hound.
The hound is severely wounded.
The hound misses you.
You slash the hound!
You kill the hound!
Qazlal accepts your kill.
You see here a hound corpse.
You start resting.
HP restored.
There is a stone staircase leading down here.
You climb downwards.
The ogre hits you with a +0 giant club!!
Ouch! That really hurt!
The orc barely misses you.
There is a stone staircase leading up, spattered with blood here.
The orc barely misses you. The ogre closely misses you.
You climb upwards.
There is a stone staircase leading down here.
Casting: Foxfire (safe; 4% risk of failure)
Confirm with . or Enter, or press ? or * to list all spells.
Flames lash the orc.
You kill the orc!
Qazlal accepts your kill. The ogre misses you.
Casting: Scorch (safe; 3% risk of failure)
Confirm with . or Enter, or press ? or * to list all spells.
Flames lash the ogre.
The ogre is moderately wounded.
The ogre's fire resistance burns away.
Casting: Scorch (safe; 3% risk of failure)
Confirm with . or Enter, or press ? or * to list all spells.
Flames lash the ogre.
The ogre is burned terribly!
The ogre is almost dead.
The ogre hits you with a +0 giant club!!
Ouch! That really hurt!
You die...

####..≈≈..§......#...........
#..##....§≈≈....###.#<.......
##..#...§.≈≈....###..........
##.##...........###.........
#.####.§§..###..........).. #.#
###.##................ #.###
#.......#..#........ ###...##
#.O......<###.......
#......###.†@..<.#...........
#......##...)......###.......
#..................###.......
######.#############.........
#########...###########..........
##○.○.○.#...#.§.§.§####..........
A#._....'...'...._.#A###......#.#
##°.°...#...#...§.§####....##.#..
#########...###########........##


You could see an ogre (combustible).

Vanquished Creatures
  2 ogres
  A gnoll sergeant (D:2)
  2 scorpions (D:5)
  3 hounds (D:5)
  A sleepcap (D:4)
  3 orc wizards
  2 gnolls (D:2)
  6 adders
  A white imp (D:5)
  An ufetubus (D:2)
  2 worms
  4 dart slugs
  10 orcs
  5 ball pythons
  5 endoplasms
  3 giant cockroaches
  8 hobgoblins
  8 jackals
  6 quokkas
  2 bats
  6 frilled lizards
  10 goblins
  5 kobolds
  A rat (D:1)
97 creatures vanquished.

Vanquished Creatures (others)
  116 foxfires
116 creatures vanquished.

Grand Total: 213 creatures vanquished

Notes
Turn   | Place    | Note
-------+----------+-------------------------------------------
     0 | D:1      | Logoto the Draconian Fire Elementalist began the quest for
                  | the Orb.
     0 | D:1      | Reached XP level 1. HP: 14/14 MP: 3/3
   349 | D:1      | Reached XP level 2. HP: 20/20 MP: 1/5
   353 | D:1      | Learned a level 2 spell: Scorch
   464 | D:1      | Found Yfoxt's Antique Armour Emporium.
  1045 | D:2      | Reached XP level 3. HP: 26/26 MP: 1/6
  1783 | D:2      | Reached XP level 4. HP: 33/33 MP: 4/8
  1790 | D:2      | Noticed a gnoll sergeant
  1790 | D:2      | Found the +5 woodcutter's axe
  1800 | D:2      | Killed a gnoll sergeant
  1801 | D:2      | Reached skill level 1 in Short Blades
  1801 | D:2      | Reached XP level 5. HP: 21/39 MP: 0/9
  1976 | D:3      | Found a faded altar of an unknown god.
  2161 | D:3      | Found an ancient bone altar of Kikubaaqudgha.
  2199 | D:3      | Found a stormy altar of Qazlal.
  2204 | D:3      | Became a worshipper of Qazlal Stormbringer
  2834 | D:4      | Reached XP level 6. HP: 46/46 MP: 11/11
  2849 | D:4      | Reached skill level 1 in Fighting
  3327 | D:4      | Reached skill level 1 in Axes
  3469 | D:5      | Entered Level 5 of the Dungeon
  3486 | D:5      | Reached skill level 5 in Fire Magic
  3546 | D:5      | Found a sparkling altar of Nemelex Xobeh.
  3558 | D:5      | Found Rucvus's Retail Resort.
  3646 | D:5      | Reached * piety under Qazlal
  3664 | D:5      | Found an ornate altar of the Wu Jian Council.
  3686 | D:5      | Your scales start taking on an icy white colour.
  3686 | D:5      | Reached XP level 7. HP: 15/52 MP: 10/13
  3686 | D:5      | Gained mutation: Your flesh is cold resistant. (rC+) [White
                  | Draconian growth]
  4201 | D:5      | Found a glowing golden altar of the Shining One.
  4205 | D:5      | Noticed an angel
  4216 | D:5      | Found a basalt altar of Yredelemnul.
  4218 | D:5      | Noticed a profane servitor
  4385 | D:5      | Slain by an ogre

Illustrated notes

Levels and vault maps discovered:
D:1:      grunt_arrival_lava_bath, layout_basic, serial_shops,
          nicolae_shop_waterfront, serial_glass, glass_columns_c,
          glass_columns_b
D:2:      layout_loops_ring, eino_tiny_chamber, pf_guarded_unrand_woodcutter
D:3:      layout_rooms, old_standard_altar, grunt_qazlal_clouds,
          chequers_ecumenical_altar_simple_redux
D:4:      layout_rooms, serial_curves, eino_curves_03, eino_curves_04
D:5:      layout_rooms, grunt_temple_overflow_holy_war,
          nemelex_xobeh_ov_fountains_minmay, nicolae_wu_jian_wuxing_cycle,
          nicolae_alphabet_shops, nicolae_underground_beach
D:6:      layout_cave_pools, minmay_temple_entry_statues_fountains,
          minmay_misc_feat_tower, kennysheep_generic_room_8

Skill      XL: |  1  2  3  4  5  6  7 |
---------------+----------------------+-----
Dodging        | 2 |  2.9
Stealth        | 2 |  2.6
Short Blades   | 1 |  1.5
Spellcasting   | 3 4 |  4.5
Fire Magic     | 4 4 |  4.5
Fighting       | 1 |  1.7
Axes           | 1 |  1.3
Conjurations   | 2 |  2.1

Action                     |  1- 3 |  4- 6 |  7- 9 || total
---------------------------+-------+-------+-------++-------
  Melee: Dagger            |    12 |       |       ||    12
         Short sword       |    88 |     1 |       ||    89
         Tailslap          |    16 |     5 |     1 ||    22
         Unarmed           |     3 |       |       ||     3
         Punch             |     2 |     1 |       ||     3
         Battleaxe         |       |    60 |     7 ||    67
   Cast: Foxfire           |    27 |    45 |    10 ||    82
         Scorch            |     8 |    27 |     6 ||    41
   Stab: Sleeping          |     5 |     1 |       ||     6
 Armour: Skin              |    26 |    23 |     5 ||    54
  Dodge: Dodged            |    63 |    61 |    17 ||   141
